[ AOE2 MATCH · #506122630 ]
UnrankedSaracens vs Incas
Player's team · WIN
Rival team · LOSS
[ REPLAY ANALYSIS · EXTRACTED FROM THE RECORDED GAME ]
Feudal
10:02
Castle
14:09
Imperial
—
| APM avg | 49.4 |
| APM peak | 102 |
| eAPM avg | 13.7 |
| Villagers / military | 30 / 0 |
Focus
⚔️ 17.4% · 🌾 82.6%
Feudal
11:08
Castle
—
Imperial
—
| APM avg | 49.3 |
| APM peak | 87 |
| eAPM avg | 14.9 |
| Villagers / military | 31 / 0 |
Focus
⚔️ 32.9% · 🌾 67.1%
Unknown (2550) ×2
Match map
Initial resources + every placement click. Lines = walls · curves = elevation contours. ◆ gold · ⬟ stone · ● berries · ✦ relic · ◌ wall gap
Your base· Open — 1t gap
Hemingway's base· Open — 5t gap
Smoothed initial terrain · ◌ = detected wall gap · hover for details
Inputs per minute
— Ztou9 - - Hemingway
Build order — Ztou9
56 actions detected in the replay
| 0:01 | Queue | Villager (Male) |
| 0:01 | Queue | Villager (Male) |
| 0:12 | Build | House |
| 0:14 | Research | Loom |
| 0:19 | Build | House |
| 0:25 | Queue | Villager (Male) |
| 0:25 | Queue | Villager (Male) |
| 0:33 | Queue | Villager (Male) |
| 0:33 | Queue | Villager (Male) |
| 1:51 | Queue | Villager (Male) |
| 2:09 | Build | Lumber Camp |
| 2:13 | Queue | Villager (Male) |
| 2:14 | Queue | Villager (Male) |
| 2:42 | Queue | Villager (Male) |
| 2:42 | Queue | Villager (Male) |
| 3:14 | Queue | Villager (Male) |
| 3:14 | Queue | Villager (Male) |
| 3:15 | Queue | Villager (Male) |
| 3:16 | Queue | Villager (Male) |
| 4:15 | Queue | Villager (Male) |
| 4:15 | Queue | Villager (Male) |
| 4:29 | Build | House |
| 4:53 | Queue | Villager (Male) |
| 4:56 | Build | House |
| 5:35 | Queue | Villager (Male) |
| 5:36 | Queue | Villager (Male) |
| 5:36 | Queue | Villager (Male) |
| 5:37 | Queue | Villager (Male) |
| 5:44 | Build | Mill |
| 5:53 | Queue | Villager (Male) |
| 5:53 | Queue | Villager (Male) |
| 6:47 | Build | Farm |
| 6:49 | Build | Farm |
| 7:10 | Queue | Villager (Male) |
| 7:26 | Build | Farm |
| 7:35 | Build | Farm |
| 7:52 | Research | Feudal Age |
| 7:52 | Research | Feudal Age |
| 8:58 | Queue | Villager (Male) |
| 9:38 | Build | Barracks |
| 10:02 | Age | Feudal Age |
| 10:07 | Build | Market |
| 10:11 | Build | Blacksmith |
| 10:22 | Queue | Villager (Male) |
| 10:49 | Queue | Villager (Male) |
| 10:57 | Build | Farm |
| 11:29 | Research | Castle Age |
| 12:05 | Build | Farm |
| 12:12 | Research | Double-Bit Axe |
| 12:12 | Research | Double-Bit Axe |
| 12:54 | Build | Mining Camp |
| 13:27 | Build | Stable |
| 13:44 | Queue | Villager (Male) |
| 13:49 | Research | Horse Collar |
| 13:53 | Queue | Villager (Male) |
| 14:09 | Age | Castle Age |
Build order — Hemingway
49 actions detected in the replay
| 0:00 | Queue | Villager (Male) |
| 0:01 | Queue | Villager (Male) |
| 0:01 | Queue | Villager (Male) |
| 0:01 | Queue | Villager (Male) |
| 0:02 | Build | House |
| 0:30 | Build | Barracks |
| 1:18 | Queue | Unit 2550 |
| 1:56 | Queue | Villager (Male) |
| 1:56 | Queue | Villager (Male) |
| 2:10 | Queue | Villager (Male) |
| 2:40 | Queue | Villager (Male) |
| 2:41 | Queue | Villager (Male) |
| 3:08 | Build | House |
| 3:11 | Queue | Villager (Male) |
| 3:11 | Queue | Villager (Male) |
| 3:57 | Queue | Villager (Male) |
| 3:58 | Queue | Villager (Male) |
| 3:58 | Queue | Villager (Male) |
| 4:26 | Queue | Villager (Male) |
| 4:26 | Queue | Villager (Male) |
| 4:48 | Queue | Villager (Male) |
| 4:48 | Queue | Villager (Male) |
| 5:29 | Queue | Villager (Male) |
| 5:30 | Queue | Villager (Male) |
| 5:48 | Queue | Villager (Male) |
| 6:18 | Queue | Villager (Male) |
| 6:57 | Build | Settlement |
| 7:18 | Queue | Villager (Male) |
| 7:19 | Queue | Villager (Male) |
| 7:19 | Queue | Villager (Male) |
| 7:50 | Queue | Villager (Male) |
| 8:46 | Research | Feudal Age |
| 9:19 | Build | Settlement |
| 10:21 | Queue | Villager (Male) |
| 10:30 | Queue | Villager (Male) |
| 11:08 | Age | Feudal Age |
| 11:09 | Research | Loom |
| 11:13 | Build | Market |
| 11:52 | Queue | Villager (Male) |
| 12:10 | Build | Blacksmith |
| 12:22 | Queue | Villager (Male) |
| 12:44 | Research | Castle Age |
| 12:45 | Research | Castle Age |
| 13:07 | Research | Scale Mail Armor |
| 13:19 | Build | Settlement |
| 13:34 | Queue | Villager (Male) |
| 13:40 | Research | Double-Bit Axe |
| 13:41 | Research | Double-Bit Axe |
| 14:00 | Queue | Unit 2550 |
Match timeline
| 0:30 | Hemingway · first_building Barracks |
| 9:38 | Ztou9 · first_building Barracks |
| 10:02 | Ztou9 · age_up feudal |
| 11:08 | Hemingway · age_up feudal |
| 11:12 | Ztou9 · first_market_sell 500 stone |
| 11:16 | Ztou9 · first_market_buy 100 food |
| 12:24 | Hemingway · first_market_sell 100 stone |
| 12:25 | Hemingway · first_market_buy 100 food |
| 13:27 | Ztou9 · first_building Stable |
| 14:09 | Ztou9 · age_up castle |
| 14:15 | Hemingway · resign |
[ AI ANALYSIS · 1 CREDIT ]
What really happened in this match?
Wolo.gg analyzes every decision: build order, eco, micro, common mistakes by bracket. Personalized analysis on WhatsApp or Discord in 30 seconds.
Civ guide
Saracens
Perfil
Jugador #18202829